 Dungeon Crawl Stone Soup version 0.29-a0-397-g846e4a0bbc (webtiles) character file.

Game seed: 8687244673346771351

301 McIrco the Covered (level 6, -3/56 HPs)
             Began as a Minotaur Fighter on May 11, 2022.
             Slain by a killer bee (8 damage)
             ... on level 5 of the Dungeon.
             The game lasted 00:04:04 (4300 turns).

McIrco the Covered (Minotaur Fighter)               Turns: 4300, Time: 00:04:05

Health: -3/56      AC:  8    Str: 23    XL:     6   Next: 14%
Magic:  5/5        EV:  9    Int:  5    God:
Gold:   157        SH:  4    Dex:  9    Spells: 5/5 levels left

rFire   . . .      SeeInvis .   a - +0 war axe
rCold   . . .      Faith    .   c - +0 buckler
rNeg    . . .      Spirit   .   b - +0 scale mail
rPois   .          Reflect  .   (helmet restricted)
rElec   .          Harm     .   y - +0 cloak
rCorr   .          Rampage  .   (no gloves)
Will    .....                   (no boots)
Stlth   ..........              (no amulet)
HPRegen 0.18/turn               (no ring)
MPRegen 0.09/turn               (no ring)

@: no status effects
A: horns 2, retaliatory headbutt
a: no special abilities


You were on level 5 of the Dungeon.
You visited 1 branch of the dungeon, and saw 5 of its levels.

You collected 222 gold pieces.
You spent 65 gold pieces at shops.

Inventory:

Hand Weapons
 a - a +0 war axe (weapon)
 d - a +2 short sword of venom
Missiles
 k - 5 boomerangs (quivered)
 l - a throwing net
 u - 6 javelins
Armour
 b - a +0 scale mail (worn)
 c - a +0 buckler (worn)
 y - a +0 cloak (worn)
Jewellery
 x - a +6 ring of dexterity
 A - a ring of resist corrosion
Wands
 z - a wand of acid (5)
Scrolls
 e - 2 scrolls of fear {unknown}
 f - a scroll of silence {unknown}
 g - 4 scrolls of identify {unknown}
 i - 3 scrolls of amnesia {unknown}
 m - 4 scrolls of teleportation
 o - 3 scrolls of vulnerability {unknown}
 p - a scroll of poison
 r - a scroll of enchant armour {unknown}
 s - a scroll of acquirement {unknown}
 v - a scroll of immolation {unknown}
Potions
 j - a potion of resistance
 n - a potion of heal wounds {unknown}
 q - a potion of invisibility {unknown}
 t - a potion of cancellation {unknown}
 w - a potion of degeneration {unknown}
 B - a potion of lignification {unknown}


   Skills:
 + Level 5.5 Fighting
 - Level 2.4 Axes
 + Level 6.3 Armour
 + Level 5.0 Shields


You had 5 spell levels left.
You didn't know any spells.
Your spell library contained the following spells:

 Spells                   Type           Power      Damage    Failure   Level
 Beastly Appendage        Tmut           0%         N/A       85%         1
 Pain                     Necr           0%         1d4       85%         1
 Ensorcelled Hibernation  Hex/Ice        0%         N/A       94%         2
 Wereblood                Tmut           0%         N/A       94%         2
 Spider Form              Tmut/Pois      0%         N/A       99%         3
 Anguish                  Hex/Necr       0%         N/A       100%        4
 Agony                    Necr           0%         N/A       100%        5
 Excruciating Wounds      Necr           0%         N/A       100%        5


Dungeon Overview and Level Annotations

Branches:
Dungeon (5/15)
 Temple: D:4-7

Altars:
Fedhas
Hepliaklqana

Shops:
D:2 ?


Innate Abilities, Weirdness & Mutations

You have a pair of horns on your head.
You reflexively headbutt those who attack you in melee.


Message History

The killer bee attacks as you move away!
The killer bee stings you but does no damage.
The killer bee attacks as you move away!
The killer bee stings you but does no damage.
You feel sick. The killer bee closely misses you. You furiously retaliate!
You headbutt the killer bee!
A killer bee comes into view.
The killer bee barely misses you.
Unknown command.
Unknown command.
You feel sick. The killer bee stings you.
* * * LOW HITPOINT WARNING * * *
You are more poisoned.
The killer bee poisons you!
The killer bee attacks as you move away!
The killer bee closely misses you. You furiously retaliate!
You headbutt the killer bee, but do no damage.
You feel sick.
The killer bee stings you but does no damage.
The killer bee stings you.
* * * LOW HITPOINT WARNING * * *
The killer bee closely misses you. You furiously retaliate!
You headbutt the killer bee!
Unknown command.
The killer bee attacks as you move away!
The killer bee barely misses you.
* * * LOW HITPOINT WARNING * * *
You feel sick.
The killer bee buzzes angrily.
A killer bee comes into view.
The killer bee stings you but does no damage.
Unknown command.
You feel better.
The killer bee buzzes angrily.
The killer bee stings you but does no damage.
The killer bee closely misses you. The killer bee stings you!
* * * LOW HITPOINT WARNING * * *
The killer bee attacks as you move away!
The killer bee stings you!
You die...

#.# #.# #.# #.#
### #.## ..###
##..## ....##
##....## .....#
##..##..#####
.....#
#..#####@yy.######
.....# ##.##
##yy.......
^...####.##
#.y###...
....###.## .#
#.y## # ....##.##
....##..# ...##.##
#......y.# ..##.##
##.....#.## ..#..#
##....#..# .#..##
##...#..##


You could see 7 killer bees.

Vanquished Creatures
  An ogre (D:4)
  An orc priest (D:4)
  An iguana (D:4)
  An orc wizard (D:4)
  5 adders
  A dart slug (D:4)
  5 orcs
  3 ball pythons
  6 bats
  5 endoplasms
  3 giant cockroaches
  9 goblins
  6 hobgoblins
  6 jackals
  5 kobolds
  5 quokkas (D:2)
  8 frilled lizards
  4 rats
75 creatures vanquished.

Notes
Turn   | Place    | Note
-------+----------+-------------------------------------------
     0 | D:1      | McIrco the Minotaur Fighter began the quest for the Orb.
     0 | D:1      | Reached XP level 1. HP: 19/19 MP: 0/0
   358 | D:1      | Reached XP level 2. HP: 17/27 MP: 1/1
   524 | D:1      | Reached skill level 4 in Armour
  1395 | D:2      | Reached XP level 3. HP: 33/33 MP: 2/2
  2034 | D:2      | Found Minur's Magic Scroll Emporium.
  2063 | D:2      | Bought a scroll of teleportation for 30 gold pieces
  2105 | D:2      | Bought a scroll of poison for 35 gold pieces
  2242 | D:2      | Reached XP level 4. HP: 37/41 MP: 3/3
  2645 | D:3      | Found a hazy altar of Hepliaklqana.
  2707 | D:3      | Found a faded altar of an unknown god.
  3390 | D:4      | Noticed an ogre
  3397 | D:4      | Killed an ogre
  3398 | D:4      | Reached skill level 5 in Fighting
  3398 | D:4      | Reached skill level 5 in Armour
  3398 | D:4      | Reached XP level 5. HP: 35/48 MP: 4/4
  3477 | D:4      | Found a blossoming altar of Fedhas.
  3753 | D:4      | Reached skill level 6 in Armour
  3753 | D:4      | Reached XP level 6. HP: 17/56 MP: 5/5
  4227 | D:5      | Entered Level 5 of the Dungeon
  4264 | D:5      | Reached skill level 5 in Shields
  4300 | D:5      | Slain by a killer bee

Illustrated notes

Levels and vault maps discovered:
D:1:      dpeg_arrival_line_fractal, layout_loops_ring,
          minmay_misc_feat_nine_boxes
D:2:      layout_loops_corners, serial_shops, shop, minmay_lizard_pond
D:3:      layout_loops_corners, lemuel_coloured_pillars_altar,
          shapermc_ecumenical_altar_starsandcircs
D:4:      layout_gridville, mainiacjoe_overflow_catwalk
D:5:      layout_cave_pods

Skill      XL: |  1  2  3  4  5  6 |
---------------+-------------------+-----
Armour         | 4 5 6 |  6.3
Shields        | 4 5 |  5.0
Fighting       | 4 5 |  5.5
Axes           | |  2.4

Action                   |  1- 3 |  4- 6 || total
-------------------------+-------+-------++-------
Melee: War axe           |    92 |    57 ||   149
       Headbutt          |     5 |     5 ||    10
Throw: Boomerang         |       |     4 ||     4
  Use: Potion            |       |     4 ||     4
Armor: Scale mail        |    32 |    41 ||    73
Dodge: Dodged            |    53 |    40 ||    93
Block: Buckler           |    21 |     9 ||    30

Table legend: (Time is in decaauts)
 A = Elapsed time spent in this place.
 B = Non-inter-level travel time spent in this place.
 C = Inter-level travel time spent in this place.
 D = Time resting spent in this place.
 E = Time spent auto-exploring this place.
 F = Levels seen in this place.
 G = Mean time per level.
                   A        B        C        D        E       F      G
               +--------+--------+--------+--------+--------+-----+--------+
         Total |   4363 |   4206 |    157 |     43 |   3662 |   5 |  872.6 |
       Dungeon |   4363 |   4206 |    157 |     43 |   3662 |   5 |  872.6 |
               +--------+--------+--------+--------+--------+-----+--------+

Top non-repeatable levels by time:
     D:1: 1231 daAuts
     D:2: 1141 daAuts
     D:4: 1021 daAuts
     D:3: 895 daAuts
     D:5: 74 daAuts
